 Dungeon Crawl Stone Soup version 0.30.1-1-g62c8e00024 (webtiles) character file.

Game seed: 3668438316123769600

98 spardeous the Ducker (level 4, -2/18 HPs)
             Began as a Felid Earth Elementalist on July 15, 2023.
             Killed from afar by a white imp (13 damage)
             ... with a puff of frost
             ... on level 4 of the Dungeon.
             The game lasted 00:03:42 (1856 turns).

spardeous the Ducker (Felid Earth Elementalist)     Turns: 1856, Time: 00:03:43

Health: -2/18      AC:  1    Str:  4    XL:     4   Next: 43%
Magic:  5/8        EV: 19    Int: 18    God:
Gold:   83         SH:  0    Dex: 16    Spells: 6/7 levels left
                                        Lives:  0   Deaths: 1

rFire   . . .        (weapon unavailable)
rCold   . . .        (shield unavailable)
rNeg    . . .        (body armour unavailable)
rPois   .            (helmet unavailable)
rElec   .            (cloak unavailable)
rCorr   .            (gloves unavailable)
SInv    +            (boots unavailable)
Will    .....        (no amulet)
Stlth   ++           (no ring)
HPRegen 0.23/turn    (no ring)
MPRegen 0.11/turn

%: no passive effects
@: quick
A: very small, claws 1, fangs 3, see invisible, speed 1, shaggy fur 1, stealthy
paws, no weapons or thrown items, no armour, multi-lived
a: no special abilities


You were on level 4 of the Dungeon.
You visited 1 branch of the dungeon, and saw 4 of its levels.

You collected 83 gold pieces.

Inventory:

Scrolls
 c - 2 scrolls of identify {unknown}
 d - a scroll of fear {unknown}
 f - a scroll of fog {unknown}
 g - a scroll of immolation {unknown}
 i - a scroll of noise {unknown}
 k - a scroll of poison {unknown}
Potions
 a - 2 potions of magic
 b - a potion of resistance {unknown}
 e - a potion of ambrosia {unknown}
 h - a potion of curing {unknown}
 j - a potion of cancellation {unknown}


   Skills:
 + Level 5.2 Dodging
 - Level 2.6 Stealth
 - Level 2.0 Spellcasting
 - Level 1.1 Transmutations
 + Level 4.1 Earth Magic


You had 6 spell levels left.
You knew the following spells:

 Your Spells              Type           Power      Damage    Failure   Level
a - Sandblast             Erth           32%        2d9       3%          1

Your spell library contained the following spells:

 Spells                   Type           Power      Damage    Failure   Level
 Passwall                 Tmut/Erth      9%         N/A       10%         2
 Stone Arrow              Conj/Erth      18%        3d8       24%         3
 Ensorcelled Hibernation  Hex/Ice        2%         N/A       26%         2
 Swiftness                Air            1%         N/A       47%         3
 Petrify                  Tmut/Erth      11%        N/A       52%         4


Dungeon Overview and Level Annotations

Branches:
Dungeon (4/15)
 Temple: D:4-7

Altars:
Vehumet

Shops:
D:2 :(


Innate Abilities, Weirdness & Mutations

You have sharp claws.
You have razor-sharp teeth.
You have supernaturally acute eyesight. (SInv)
You cover ground quickly. (Speed+)
You are covered in fur. (AC +1)
Your paws help you pounce on unaware monsters.
You are incapable of wielding weapons or throwing items.
You cannot wear armour.
You gain extra lives every three experience levels.


Message History

Confirm with . or Enter, or press ? or * to list all spells.
Aiming: Sandblast (safe; 3% risk of failure)
Press: ? - help, Shift-Dir - straight line, f - orc
Aim: an orc, wielding a +0 short sword (82% to hit)
The blast of sand hits the orc!
You kill the orc!
Casting: Sandblast (safe; 3% risk of failure)
Confirm with . or Enter, or press ? or * to list all spells.
You can't see any susceptible monsters within range! (Use Z to cast anyway.) Unknown command.
A white imp is nearby!
A white imp is nearby!
A white imp is nearby!
Casting: Sandblast (safe; 3% risk of failure)
Confirm with . or Enter, or press ? or * to list all spells.
Aiming: Sandblast (safe; 3% risk of failure)
Press: ? - help, Shift-Dir - straight line, f - white imp
Aim: a white imp (82% to hit)
The blast of sand hits the white imp but does no damage.
The white imp shouts, "Despond, thou canting tickle-brained malt-worm!"
The white imp gestures at you. The puff of frost hits you!
Casting: Sandblast (safe; 3% risk of failure)
Confirm with . or Enter, or press ? or * to list all spells.
Aiming: Sandblast (safe; 3% risk of failure)
Press: ? - help, Shift-Dir - straight line, f/p - white imp
Aim: a white imp (82% to hit)
The blast of sand misses the white imp.
The white imp gestures at you. The puff of frost misses you.
Casting: Sandblast (safe; 3% risk of failure)
Confirm with . or Enter, or press ? or * to list all spells.
Aiming: Sandblast (safe; 3% risk of failure)
Press: ? - help, Shift-Dir - straight line, f/p - white imp
Aim: a white imp (82% to hit)
The blast of sand misses the white imp.
The white imp gestures at you. The puff of frost hits you!
Ouch! That really hurt!
You die...

.....## ##...## .#
.....######.## #.#
............# #.#
.###....###># #.# .#
#.##.# #.# #.# )###.##.#
#.# #.# .....##.#
#.#####.#
.)..###.###.....#)#######
##..# #..#### #.@........
##.# #.....###.#.#######
##.###.......5.#.########
##...##..∩...####........#
#.....#.....## ########.#
............# #.#
........##### ##.##
.......### ####...######
#........######
#..♣........#


You could see a white imp.

Vanquished Creatures
  An orc wizard (D:4)
  Robin (D:2)
  2 shadow imps (D:4)
  2 white imps (D:4)
  2 ufetubi (D:4)
  A worm (D:4)
  6 orcs (D:4)
  4 giant cockroaches (D:1)
  12 goblins
  5 hobgoblins
  4 jackals (D:2)
  2 quokkas
  3 ball pythons
  A bat (D:1)
  3 frilled lizards (D:1)
  3 kobolds
  A rat (D:1)
53 creatures vanquished.

Notes
Turn   | Place    | Note
-------+----------+-------------------------------------------
     0 | D:1      | spardeous the Felid Earth Elementalist began the quest for
                  | the Orb.
     0 | D:1      | Reached XP level 1. HP: 7/7 MP: 4/4
    55 | D:1      | Reached skill level 3 in Dodging
   249 | D:1      | Reached XP level 2. HP: 11/11 MP: 1/6
   593 | D:2      | Found Vules's Book Boutique.
   596 | D:2      | Noticed Robin
   609 | D:2      | Found Siniaz's Antique Weapon Shop.
   769 | D:2      | Reached XP level 3. HP: 13/14 MP: 2/7
   842 | D:2      | Reached skill level 4 in Dodging
   929 | D:2      | Killed Robin
  1243 | D:4      | Reached XP level 4. HP: 6/18 MP: 3/8
  1365 | D:4      | Killed from afar by a white imp
  1366 | D:4      | Reached XP level 3. HP: -2/14 MP: 6/7
  1571 | D:4      | Found a radiant altar of Vehumet.
  1641 | D:4      | Reached skill level 5 in Dodging
  1641 | D:4      | Reached XP level 4. HP: 18/18 MP: 1/8
  1856 | D:4      | Killed from afar by a white imp

Illustrated notes

Levels and vault maps discovered:
D:1:      reono_arrival_mine, layout_basic, serial_shops,
          nicolae_shop_waterfront, minmay_worlds_worst_comb
D:2:      layout_rooms, serial_shops, nicolae_shop_just_a_little_nook, shop,
          shop, uniq_robin
D:3:      kennysheep_goblin_castle, layout_loops_ring, uniq_terence
D:4:      layout_loops_ring, mainiacjoe_overflow_small_starburst,
          serial_demonic, serial_demonic_a, serial_demonic_f, serial_demonic_c,
          serial_demonic_d, serial_demonic_f, serial_demonic_e, serial_shops,
          nicolae_diamond_shop, minmay_misc_feat_cross, uniq_ijyb

Skill      XL: |  1  2  3 |
---------------+----------+-----
Dodging        | 3 5 |  5.2
Earth Magic    | 3 4 |  4.1
Stealth        | |  2.6
Spellcasting   | |  2.0
Transmutations | |  1.1

Action                     |  1- 3 |  4- 6 || total
---------------------------+-------+-------++-------
  Melee: Unarmed           |     2 |       ||     2
         Bite              |     1 |       ||     1
   Cast: Sandblast         |    79 |    17 ||    96
  Dodge: Dodged            |    35 |     7 ||    42
